 Dungeon Crawl Stone Soup version 0.29-a0-322-g68df515428 (webtiles) character file.

Game seed: 1766694767166454435

81 EriolAelfwine the Shield-Bearer (level 4, -1/42 HPs)
             Began as a Deep Dwarf Fighter on Apr 5, 2022.
             Slain by an orc warrior
             ... wielding a +2 trident of venom
              (11 damage)
             ... on level 4 of the Dungeon.
             The game lasted 00:02:28 (1306 turns).

EriolAelfwine the Shield-Bearer (DDFi)              Turns: 1306, Time: 00:02:29

Health: -1/42      AC:  8    Str: 21    XL:     4   Next: 20%
Magic:  3/3        EV:  9    Int:  9    God:
Gold:   143        SH:  5    Dex: 12    Spells: 3/3 levels left

rFire   . . .      SeeInvis .   a - +0 war axe
rCold   . . .      Faith    .   c - +0 buckler
rNeg    . . .      Spirit   .   b - +0 scale mail
rPois   .          Reflect  .   (no helmet)
rElec   .          Harm     .   (no cloak)
rCorr   .          Rampage  .   h - +0 pair of gloves
Will    .....                   (no boots)
Stlth   ..........              (no amulet)
HPRegen 0.00/turn               (no ring)
MPRegen 0.08/turn               (no ring)

@: lethally poisoned (-1 -> -1)
A: damage resistance, heal wounds, sense surroundings 1, no regeneration
a: Heal Wounds


You were on level 4 of the Dungeon.
You visited 1 branch of the dungeon, and saw 3 of its levels.

You collected 143 gold pieces.

Inventory:

Hand Weapons
 a - a +0 war axe (weapon)
Armour
 b - a +0 scale mail (worn)
 c - a +0 buckler (worn)
 h - a +0 pair of gloves (worn)
Scrolls
 e - 2 scrolls of noise {unknown}
 f - 2 scrolls of identify {unknown}
 i - a scroll of enchant weapon {unknown}
 j - a scroll of holy word {unknown}
Potions
 d - a potion of might
 g - a potion of lignification {unknown}


   Skills:
 + Level 3.1 Fighting
 * Level 3.6 Axes
 + Level 3.8 Armour
 + Level 3.9 Shields


You had 3 spell levels left.
You didn't know any spells.
Your spell library was empty.

Dungeon Overview and Level Annotations

Branches:
Dungeon (2/15)

Altars:
Gozag
Vehumet


Innate Abilities, Weirdness & Mutations

You are resistant to damage.
You can heal yourself by infusing magical energy.
You passively map a small area around you.
You do not regenerate.


Message History

There is an open door here.
You see here a +0 hand axe.
The adder attacks as you move away! The adder barely misses you.
You slash the adder!
You kill the adder!
You hit the orc but do no damage. The orc hits you with a +0 war axe!
The orc warrior completely misses you. The orc warrior barely misses you.
The orc closely misses you.
There is an open door, spattered with blood here.
You see here a +0 hand axe.
You slash the orc warrior!
The orc warrior is moderately wounded.
You hit the orc. The orc warrior barely misses you.
The orc hits you with a +0 war axe.
You slash the orc warrior!
The orc warrior is heavily wounded.
You slash the orc!
You kill the orc!
You block the orc warrior's attack.
You barely miss the orc warrior.
The orc warrior is heavily wounded.
The orc warrior hits you with a +2 trident of venom. x2
You hit the orc warrior.
The orc warrior is severely wounded.
The orc warrior hits you with a +2 trident of venom!
You are poisoned.
You closely miss the orc warrior.
The orc warrior is severely wounded.
The orc warrior hits you with a +2 trident of venom!
The orc warrior hits you with a +2 trident of venom.
* * * LOW HITPOINT WARNING * * *
You are more poisoned.
You feel much better.
The orc warrior hits you with a +2 trident of venom!
You are more poisoned.
You closely miss the orc warrior.
The orc warrior is severely wounded.
You feel extremely sick.
The orc warrior hits you with a +2 trident of venom!
You die...

* *, * * * * ,,
........#### ####
#......##._.###._.##
*
#......#.....8.....#
#......#..⌠.....⌠..#
,
#......##...(.....#*
#.......# #...).#**
.###.......# ###@###
........#.# #o#
..!...###.# #o#
...#......## #g#
..........o#####o#
..........oogo..o#
.###.###.#.#######
,... ...#.#
###.##.##.# * * *


You could see an orc warrior, 3 orcs and a goblin.

Vanquished Creatures
  3 adders
  2 worms (D:2)
  2 orcs (D:4)
  4 ball pythons
  7 endoplasms
  A giant cockroach (D:1)
  3 hobgoblins
  6 kobolds (D:1)
  2 quokkas (D:1)
  7 bats
  4 goblins
  2 rats (D:2)
43 creatures vanquished.

Notes
Turn   | Place    | Note
-------+----------+-------------------------------------------
     0 | D:1      | EriolAelfwine the Deep Dwarf Fighter began the quest for
                  | the Orb.
     0 | D:1      | Reached XP level 1. HP: 20/20 MP: 1/1
    57 | D:1      | Found a faded altar of an unknown god.
   118 | D:1      | Reached XP level 2. HP: 18/27 MP: 2/2
   687 | D:1      | Reached XP level 3. HP: 19/33 MP: 3/3
  1257 | D:2      | Reached XP level 4. HP: 35/42 MP: 3/3
  1276 | D:2      | You fall into a shaft and drop 2 floors!
  1276 | D:4      | Noticed an orc warrior
  1293 | D:4      | Found an opulent altar of Gozag.
  1293 | D:4      | Found a radiant altar of Vehumet.
  1306 | D:4      | Slain by an orc warrior

Illustrated notes

Levels and vault maps discovered:
D:1:      nicolae_arrival_memento_mori, layout_loops_ring,
          shapermc_ecumenical_altar_pompeii
D:2:      layout_loops_corners, minmay_tetromino_i4, uniq_natasha
D:4:      layout_loops_cross, gammafunk_temple_overflow_pools, uniq_duvessa

Skill      XL: |  1  2  3 |
---------------+----------+-----
Axes           | 3 |  3.6
Fighting       | 3 |  3.1
Armour         | |  3.8
Shields        | |  3.9

Action                   |  1- 3 |  4- 6 || total
-------------------------+-------+-------++-------
Melee: War axe           |   120 |     9 ||   129
 Abil: Heal Wounds       |     1 |     1 ||     2
Armor: Scale mail        |    56 |     6 ||    62
Dodge: Dodged            |    65 |    12 ||    77
Block: Buckler           |    28 |     5 ||    33

Table legend: (Time is in decaauts)
 A = Elapsed time spent in this place.
 B = Non-inter-level travel time spent in this place.
 C = Inter-level travel time spent in this place.
 D = Time resting spent in this place.
 E = Time spent auto-exploring this place.
 F = Levels seen in this place.
 G = Mean time per level.
                   A        B        C        D        E       F      G
               +--------+--------+--------+--------+--------+-----+--------+
         Total |   1357 |   1335 |     22 |      0 |   1014 |   3 |  452.3 |
       Dungeon |   1357 |   1335 |     22 |      0 |   1014 |   3 |  452.3 |
               +--------+--------+--------+--------+--------+-----+--------+

Top non-repeatable levels by time:
     D:1: 817 daAuts
     D:2: 506 daAuts
     D:4: 32 daAuts
